General information
- name: BNet
- type: Ladder 1vs1/FFA
- host: Battle.net
- saver: FireHamster
map: TerenasStand
- players: 2
- length: 28:17
- speed: Fast
- version: 1.21 W3XP
- replay type: Public
» download(87 KB)
Players
team 1 (loser)
fishdontbounce (
red | 72 APM | 2041 actions | 28:15)
5 Far Seer
3 Feral Spirit
2 Chain Lighting
3 Tauren Chieftain
2 Shockwave
1 Endurance Aura
» actions
| Assign group hotkey | 41 | |
| Basic commands | 22 | |
| Build / train | 74 | |
| ESC pressed | 1 | |
| Enter build submenu | 27 | |
| Enter hero's abilities submenu | 9 | |
| Give item / drop item | 4 | |
| Right click | 619 | |
| Select / deselect | 631 | |
| Select group hotkey | 490 | |
| Use ability | 122 | |
2041 total
» units
| Peon | 23 | |
| Grunt | 6 | |
| Raider | 7 | |
| Demolisher | 11 | |
| Troll Witch Doctor | 2 | |
49 total
» upgrades
| Ensnare | 1 | |
| Berserker Strength | 1 | |
| Ranged Weapons | 2 | |
| Witch Doctor Training | 1 | |
5 total
» buildings
| Altar of Storms | 1 | |
| Orc Burrow | 6 | |
| Barracks | 1 | |
| Voodoo Lounge | 2 | |
| Stronghold | 1 | |
| Beastiary | 2 | |
| Great Hall | 3 | |
| War Mill | 1 | |
| Watch Tower | 5 | |
| Spirit Lodge | 2 | |
| Fortress | 1 | |
25 total
» build order
00:06 Altar of Storms
00:09 Orc Burrow
00:32 Barracks
01:33 Orc Burrow
01:48 Voodoo Lounge
02:53 Stronghold
03:28 Orc Burrow
05:19 Beastiary
05:22 Beastiary
06:48 Great Hall
07:05 Orc Burrow
08:00 Orc Burrow
08:11 War Mill
08:58 Orc Burrow
14:13 Watch Tower
14:17 Watch Tower
14:20 Voodoo Lounge
14:36 Spirit Lodge
19:53 Great Hall
19:57 Watch Tower
21:18 Fortress
23:17 Great Hall
24:15 Spirit Lodge
25:44 Watch Tower
25:47 Watch Tower
» items
| Healing Salve | 6 | |
| Lesser Clarity Potion | 1 | |
7 total
team 2 (winner)
FireHamster (
pink | 64 APM | 1822 actions | 28:17)
6 Blademaster
3 Wind Walk
2 Critical Strike
1 Bladestorm
» actions
| Assign group hotkey | 8 | |
| Basic commands | 16 | |
| Build / train | 75 | |
| Enter build submenu | 61 | |
| Enter hero's abilities submenu | 6 | |
| Give item / drop item | 6 | |
| Remove unit from queue | 3 | |
| Right click | 1046 | |
| Select / deselect | 306 | |
| Select group hotkey | 186 | |
| Use ability | 109 | |
1822 total
» units
» upgrades
| Spiked Barricades | 2 | |
| Burning Oil | 1 | |
| Pillage | 1 | |
4 total
» buildings
| Orc Burrow | 5 | |
| Altar of Storms | 1 | |
| War Mill | 1 | |
| Voodoo Lounge | 2 | |
| Watch Tower | 40 | |
| Stronghold | 4 | |
| Barracks | 2 | |
| Great Hall | 1 | |
| Fortress | 1 | |
57 total
» build order
00:26 Orc Burrow
00:32 Altar of Storms
00:37 War Mill
00:55 Voodoo Lounge
01:41 Orc Burrow
02:07 Watch Tower
02:32 Watch Tower
02:59 Watch Tower
03:05 Orc Burrow
03:33 Watch Tower
03:36 Watch Tower
04:13 Stronghold
04:13 Stronghold
04:13 Stronghold
04:40 Watch Tower
04:46 Watch Tower
04:58 Watch Tower
05:06 Barracks
05:11 Watch Tower
06:43 Orc Burrow
07:23 Watch Tower
07:29 Watch Tower
07:42 Orc Burrow
07:58 Watch Tower
08:25 Watch Tower
08:48 Great Hall
08:58 Watch Tower
09:11 Fortress
09:32 Watch Tower
10:30 Watch Tower
10:33 Watch Tower
11:18 Watch Tower
11:21 Watch Tower
16:21 Watch Tower
16:36 Watch Tower
17:32 Watch Tower
17:35 Watch Tower
19:41 Watch Tower
19:44 Watch Tower
19:49 Watch Tower
20:02 Voodoo Lounge
20:14 Watch Tower
21:11 Watch Tower
21:14 Watch Tower
21:17 Watch Tower
22:16 Watch Tower
22:18 Watch Tower
22:53 Watch Tower
22:57 Watch Tower
23:10 Watch Tower
23:12 Watch Tower
23:37 Watch Tower
23:40 Watch Tower
25:47 Watch Tower
25:51 Watch Tower
26:56 Barracks
» items
| Healing Salve | 3 | |
| Lesser Clarity Potion | 2 | |
| Tiny Great Hall | 1 | |
| Boots of Speed | 1 | |
| Orb of Lightning | 1 | |
| Potion of Healing | 3 | |
11 total
Chat log
(00:11 / All) fishdontbounce: zomg
(00:14 / All) FireHamster: ?
(00:16 / All) fishdontbounce: the ladder reset twice in 1 day
(00:41 / All) FireHamster: yah thats gay
(04:02 / All) FireHamster: hi
(04:08 / All) fishdontbounce: sigh
(04:11 / All) fishdontbounce: mass towers ftl
(08:27 / All) fishdontbounce: O_o
(08:32 / All) fishdontbounce: weird strat but ok
(10:17 / All) fishdontbounce: can i pause
(10:19 / All) fishdontbounce: to go for a piss
(10:20 / All) FireHamster: sure